 Dungeon Crawl Stone Soup version 0.25-a0-641-g189b929 (webtiles) character file.

Game seed: 993058533409757346, levelgen mode: deterministic

896 MrTaco21 the Basher (level 8, 0/46 HPs)
             Began as a Gargoyle Fighter on Mar 20, 2020.
             Killed from afar by Dowan (9 damage)
             ... with a stone arrow
             ... on level 5 of the Dungeon.
             The game lasted 00:05:47 (4338 turns).

MrTaco21 the Basher (Gargoyle Fighter)              Turns: 4338, Time: 00:05:48

Health: 0/46       AC: 13    Str: 22    XL:     8   Next: 7%
Magic:  8/8        EV:  7    Int:  9    God:
Gold:   210        SH:  9    Dex:  9    Spells: 7/7 levels left

rFire    + . .     SeeInvis .   a - +0 flail
rCold    . . .     Gourm    .   c - +0 kite shield
rNeg     + . .     Faith    .   b - +0 scale mail
rPois    ∞         Spirit   .   (no helmet)
rElec    +         Reflect  .   (no cloak)
rCorr    .         Harm     .   (no gloves)
MR       .....                  s - +0 pair of boots
Stlth    ..........             (no amulet)
HPRegen  0.15/turn              i - ring of protection from fire
MPRegen  0.11/turn              p - +3 ring of slaying

@: no status effects
A: negative energy resistance 1, electricity resistance, unbreathing,
petrification resistance, rot immunity, AC +5
a: no special abilities


You were on level 5 of the Dungeon.
You were not hungry.

You visited 1 branch of the dungeon, and saw 5 of its levels.
You also visited: Sewer.

You collected 210 gold pieces.

Inventory:

Hand Weapons
 a - a +0 flail (weapon)
Armour
 b - a +0 scale mail (worn)
 c - a +0 kite shield (worn)
 s - a +0 pair of boots (worn)
   (You found it on level 4 of the Dungeon)
Jewellery
 i - a ring of protection from fire (left hand)
   (You found it on level 1 of the Dungeon)
 p - a +3 ring of slaying (right hand)
   (You found it on level 3 of the Dungeon)
Wands
 u - a wand of paralysis (13)
   (You found it on level 3 of the Dungeon)
 y - a wand of polymorph (7)
   (You found it on level 4 of the Dungeon)
Scrolls
 h - 2 scrolls of enchant armour {unknown}
 k - 5 scrolls of teleportation {unknown}
 l - 5 scrolls of identify {unknown}
 n - a scroll of amnesia {unknown}
 o - a scroll of enchant weapon {unknown}
 t - a scroll of fear {unknown}
 w - 2 scrolls of fog {unknown}
 z - a scroll of remove curse {unknown}
 B - a scroll of blinking {unknown}
Potions
 d - 2 potions of might
 f - a potion of cancellation {unknown}
 g - a potion of stabbing {unknown}
 j - 4 potions of curing {unknown}
 m - a potion of lignification {unknown}
 r - a potion of haste {unknown}
 v - 2 potions of brilliance {unknown}
 x - 3 potions of heal wounds {unknown}
 A - 2 potions of degeneration {unknown}
Comestibles
 e - 8 rations {!d}
 q - 2 chunks of flesh


   Skills:
 - Level 3.2 Fighting
 + Level 9.1 Maces & Flails
 - Level 3.2 Armour
 - Level 3.2 Shields


You had 7 spell levels left.
You didn't know any spells.
Your spell library contained the following spells:

 Spells                   Type           Power        Failure   Level  Hunger
 Animate Skeleton         Necr           N/A          99%         1    ##.....
 Apportation              Tloc           #.....       99%         1    ##.....
 Corona                   Hex            #......      99%         1    ##.....
 Summon Small Mammal      Summ           #...         99%         1    ##.....


Dungeon Overview and Level Annotations

Branches:
Dungeon (5/15)              Sewer (visited)
 Temple: D:4-7

Altars:
Ashenzari
Elyvilon
Nemelex Xobeh
Uskayaw

Annotations:
D:5 Dowan


Innate Abilities, Weirdness & Mutations

You are resistant to torment.
Your stone body is resilient. (AC +5)
You are immune to poison.
You resist negative energy. (rN+)
You are resistant to electric shocks. (rElec)
You can survive without breathing.
You are immune to petrification.
You are immune to rotting.


Message History

You hit Duvessa. Duvessa hits you but does no damage.
Duvessa says, "My weaknesses are his strengths!"
Duvessa hits you with a +0 short sword.
Your shield prevents you from hitting Duvessa.
You block Duvessa's attack.
You hit Duvessa. Duvessa hits you with a +0 short sword.
You block Duvessa's attack.
You barely miss Duvessa. You block Duvessa's attack.
You hit Duvessa. Duvessa hits you with a +0 short sword!
* * * LOW HITPOINT WARNING * * *
You block Duvessa's attack.
You hit Duvessa but do no damage. You block Duvessa's attack.
You hit Duvessa but do no damage. Duvessa hits you but does no damage.
Duvessa hits you with a +0 short sword.
* * * LOW HITPOINT WARNING * * *
You hit Duvessa. You block Duvessa's attack.
Unknown command.
You hit Duvessa but do no damage. Duvessa hits you with a +0 short sword.
* * * LOW HITPOINT WARNING * * *
Duvessa barely misses you.
You hit Duvessa but do no damage. Duvessa hits you but does no damage.
Duvessa barely misses you.
Unknown command.
You hit Duvessa but do no damage. You block Duvessa's attack.
You hit Duvessa but do no damage. Duvessa barely misses you.
Duvessa hits you with a +0 short sword.
* * * LOW HITPOINT WARNING * * *
Unknown command.
You hit Duvessa. Duvessa barely misses you.
You sock Duvessa!
You kill Duvessa!
Dowan screams, "No!
Oh no!"
Dowan seems to find hidden reserves of power!
Your Maces & Flails skill increases to level 9!
You have reached level 8!
You feel clever. Dowan hits you but does no damage.
You closely miss Dowan.
Dowan gestures wildly while chanting.
Dowan blinks!
Dowan gestures at you while chanting. The stone arrow hits you!
* * * LOW HITPOINT WARNING * * *
Items here: ) / [ † a +0 short sword; a +0 chain mail; a wand of random effects (23) the elf corpse of Duvessa You sock Dowan!
Dowan gestures at you while chanting. The stone arrow hits you!
You die...

#.##.. #.#### #
#.# . #.# # #.#
### ..(...####.#
..# .........##.#
.. .........##.#
.. #).........##@#
#..........##e#
#..........##.#
#..........##.#
#..........##.#
#.........###.#
####.........###.#
..............##.#
............#.##.#


You could see Dowan.

Vanquished Creatures
  Duvessa (D:5)
  An ogre (D:5)
  A centaur (D:5)
  3 scorpions (D:4)
  A crimson imp (D:5)
  A jelly (D:5)
  2 orc priests
  2 iguanas
  An orc wizard (D:4)
  A worker ant (D:3)
  A howler monkey skeleton (D:4)
  9 adders
  4 river rats (Sewer)
  A shadow imp (D:5)
  2 oozes (D:1)
  3 worms
  5 leopard geckos
  12 orcs
  6 bats
  3 giant cockroaches (D:1)
  4 goblins
  6 hobgoblins
  12 jackals
  7 kobolds
  3 quokkas
  4 ball pythons
  12 frilled lizards
  A jackal skeleton (D:5)
  A leopard gecko skeleton (D:4)
  16 rats
  A plant (D:1)
127 creatures vanquished.

Notes
Turn   | Place    | Note
-------+----------+-------------------------------------------
     0 | D:1      | MrTaco21 the Gargoyle Fighter began the quest for the Orb.
     0 | D:1      | Reached XP level 1. HP: 14/14 MP: 1/1
   119 | D:1      | Reached XP level 2. HP: 15/19 MP: 2/2
   229 | D:1      | Reached skill level 3 in Maces & Flails
   529 | D:1      | Reached XP level 3. HP: 23/23 MP: 3/3
   889 | D:2      | Reached skill level 4 in Maces & Flails
   902 | D:2      | Noticed a +0 hand axe
   903 | D:2      | Noticed a +0 hand axe
  1021 | D:2      | Reached XP level 4. HP: 25/28 MP: 4/4
  1351 | D:2      | Found a hide-covered altar of Uskayaw.
  1391 | D:2      | Found a sparkling altar of Nemelex Xobeh.
  1502 | D:3      | Reached skill level 5 in Maces & Flails
  1515 | D:3      | Reached XP level 5. HP: 23/32 MP: 5/5
  1628 | D:3      | Found a white marble altar of Elyvilon.
  1798 | D:3      | You fall into a shaft and drop 1 floor!
  1804 | D:4      | Reached skill level 6 in Maces & Flails
  1804 | D:4      | Reached XP level 6. HP: 37/37 MP: 6/6
  1925 | D:4      | Found a shattered altar of Ashenzari.
  1959 | D:4      | Found a glowing drain.
  1998 | Sewer    | Entered a sewer
  2553 | D:4      | Reached skill level 7 in Maces & Flails
  2568 | D:4      | Reached XP level 7. HP: 26/41 MP: 7/7
  2981 | D:3      | Found a faded altar of an unknown god.
  3568 | D:5      | Entered Level 5 of the Dungeon
  3589 | D:5      | Reached skill level 8 in Maces & Flails
  4303 | D:5      | Noticed Duvessa
  4304 | D:5      | Noticed Dowan
  4335 | D:5      | Killed Duvessa
  4335 | D:5      | Reached skill level 9 in Maces & Flails
  4335 | D:5      | Reached XP level 8. HP: 15/46 MP: 8/8
  4338 | D:5      | Killed from afar by Dowan

Levels and vault maps discovered:
D:1:      roderic_crop_circles_arrival_large, layout_basic,
          minmay_small_reverse_x
D:2:      layout_basic, dancing_weapons_uskayaw, nicolae_overflow_hidden_temple
D:3:      kb_forest_paths, layout_basic, elyvilon_altar_1,
          chequers_ecumenical_altar_twisty
D:4:      layout_loops_cross, ashenzari_conservatory_becter,
          cheibrodos_sewer_entry_drain, first_ration
D:5:      layout_basic, minmay_door_square, uniq_duvessa

Skill      XL: |  1  2  3  4  5  6  7 |
---------------+----------------------+-----
Maces & Flails | 3 4 5 6 7 9 |  9.1
Fighting       | |  3.2
Armour         | |  3.2
Shields        | |  3.2

Action                   |  1- 3 |  4- 6 |  7- 9 || total
-------------------------+-------+-------+-------++-------
Melee: Flail             |   141 |   262 |   137 ||   540
  Eat: Chunk             |     1 |     5 |     6 ||    12
Armor: Scale mail        |   103 |   127 |    63 ||   293
Dodge: Dodged            |    51 |    69 |    34 ||   154
Block: Kite shield       |    87 |   121 |    72 ||   280

Table legend:
 A = Non-vault XP
 B = Vault XP
 C = Vault XP percentage of total XP
 D = Non-vault monster count
 E = Vault monster count
 F = Vault count percentage of total count
                 A         B        C        D         E       F
            +---------+---------+-------+---------+---------+-------
      Total |     994 |     287 |  22.4 |      94 |      32 |  25.4
            +---------+---------+-------+---------+---------+-------
        D:1 |      41 |       6 |  12.8 |      17 |       4 |  19.0
        D:2 |      87 |       0 |   0.0 |      21 |       0 |   0.0
        D:3 |     138 |      67 |  32.7 |      26 |       6 |  18.8
        D:4 |     340 |      11 |   3.1 |      19 |       3 |  13.6
        D:5 |     388 |     135 |  25.8 |      11 |       1 |   8.3
      Sewer |       0 |      68 | 100.0 |       0 |      18 | 100.0
            +---------+---------+-------+---------+---------+-------
